 Dungeon Crawl Stone Soup version 0.25-a0-424-g80bd347 (webtiles) character file.

Game seed: 8191009013403994826, levelgen mode: deterministic

1725 15 the Conjurer (level 9, -2/49 HPs)
             Began as a Tengu Fire Elementalist on Jan 21, 2020.
             Was a Follower of Vehumet.
             Slain by a wyvern (15 damage)
             ... on level 8 of the Dungeon.
             The game lasted 00:39:35 (6956 turns).

15 the Conjurer (Tengu Fire Elementalist)           Turns: 6956, Time: 00:39:36

Health: -2/49      AC:  4    Str: 11    XL:     9   Next: 4%
Magic:  15/17      EV: 18    Int: 20    God:    Vehumet [*.....]
Gold:   257        SH:  0    Dex: 15    Spells: 0/17 levels left

rFire    . . .     SeeInvis .   C - +0 dagger (elec)
rCold    . . .     Gourm    .   (no shield)
rNeg     . . .     Faith    .   a - +0 robe
rPois    .         Spirit   .   (helmet restricted)
rElec    .         Reflect  .   o - +0 cloak
rCorr    .         Harm     .   (no gloves)
MR       .....                  (boots unavailable)
Stlth    +++.......             w - amulet of regeneration
HPRegen  0.56/turn              n - +1 ring of protection
MPRegen  0.15/turn              z - +4 ring of intelligence

@: flying quickly and evasively, hasted, very quick
A: beak, talons 3, able to fly
a: Stop Flying, Renounce Religion


You were on level 8 of the Dungeon.
You worshipped Vehumet.
Vehumet was aware of your devotion.
You were not hungry.

You visited 2 branches of the dungeon, and saw 10 of its levels.

You collected 444 gold pieces.
You spent 187 gold pieces at shops.

Inventory:

Hand Weapons
 d - a +0 battleaxe
 x - a +2 flail of protection
 y - a +0 spear of venom
 C - a +0 dagger of electrocution (weapon)
Missiles
 b - 244 stones
 i - 11 poisoned darts (quivered)
 k - 129 bolts
 m - 3 throwing nets
 v - 5 silver boomerangs
Armour
 a - a +0 robe (worn)
 f - a +0 buckler
 o - a +0 cloak (worn)
Jewellery
 n - a +1 ring of protection (left hand)
 w - an amulet of regeneration (around neck)
 z - a +4 ring of intelligence (right hand)
 A - an uncursed ring of stealth
Wands
 j - a wand of random effects (41)
 q - a wand of flame (17)
 r - a wand of clouds (4)
Scrolls
 e - 2 scrolls of identify
 p - 3 scrolls of remove curse
 s - a scroll of fog
 t - 2 scrolls of teleportation
 u - a scroll of enchant armour
Potions
 g - 2 potions of curing
 h - a potion of magic
 l - 2 potions of ambrosia
Comestibles
 c - 5 rations


   Skills:
 + Level 2.5 Fighting
 + Level 0.8 Short Blades
 + Level 3.9(4.2) Axes
 + Level 2.3(3.4) Polearms
 + Level 0.2 Throwing
 + Level 4.9 Dodging
 + Level 4.2 Stealth
 + Level 4.8 Spellcasting
 + Level 5.8 Conjurations
 + Level 0.3 Hexes
 + Level 5.7 Fire Magic
 + Level 0.9 Ice Magic
 + Level 1.0 Evocations


You couldn't memorise any spells.
You knew the following spells:

 Your Spells              Type           Power        Failure   Level  Hunger
a - Foxfire               Conj/Fire      ####         1%          1    None
b - Conjure Flame         Conj/Fire      ####....     3%          3    ##.....
c - Inner Flame           Hex/Fire       ###.....     10%         3    ##.....
d - Sticky Flame          Conj/Fire      ####....     11%         4    ####...
e - Freeze                Ice            #...         8%          1    None
f - Fireball              Conj/Fire      ####......   30%         5    ######.

Your spell library contained the following spells:

 Spells                   Type           Power        Failure   Level  Hunger


Dungeon Overview and Level Annotations

Branches:
Dungeon (9/15)             Temple (1/1) D:5
   Lair: D:8-11         Orc: D:9-12

Altars:
Ashenzari
Cheibriados
Dithmenos
Fedhas
Gozag
Hepliaklqana
Kikubaaqudgha
Makhleb
Nemelex Xobeh
Okawaru
Qazlal
Ru
Sif Muna
Trog
Uskayaw
Vehumet
Wu Jian
Yredelemnul
The Shining One

Shops:
D:6 (*[

Annotations:
D:3 2 transporters, jiml777's ghost, weakling GrFi
D:5 2 transporters
D:9 1 runed translucent door, zbzbzb's ghost, novice OpTm


Innate Abilities, Weirdness & Mutations

You have a beak for a mouth.
You have claws for feet.
You can fly continuously.


Message History

You hit the wyvern. You claw the wyvern, but do no damage.
The wyvern is moderately wounded.
The wyvern misses you.
You hit the wyvern but do no damage. Your kick misses the wyvern.
Your peck misses the wyvern.
The wyvern is moderately wounded.
You barely miss the wyvern. You peck the wyvern, but do no damage.
The wyvern is moderately wounded.
The wyvern barely misses you.
You hit the wyvern but do no damage. Your peck misses the wyvern.
The wyvern is moderately wounded.
The wyvern bites you but does no damage.
You closely miss the wyvern. You claw the wyvern.
The wyvern is moderately wounded.
The wyvern bites you!
* * * LOW HITPOINT WARNING * * *
You hit the wyvern. Your peck misses the wyvern.
The wyvern is heavily wounded.
The wyvern bites you!
You die...

###.#.# #.......# ..#.#.######
#..#+#..#
..#.#......############..+_+..#
.........................#'#..#
..#.######.############.......#
..#.# #.####### #.......# ###.#
#.......# #######.# #.#
#.#####.# ##.### ###.# ### #@#
#..... ..#.. #l# #..... #.###
#.....oo=l.... #..... #+###
#)............ #..... ....#
#..........o<. #..... ....#
######+######o #..[.. ....#
#..... #+#####. #..... ........
......


You could see a wyvern and 2 orc wizards.

Vanquished Creatures
  Grinder (D:5)
  A sky beast (D:6)
  An ice beast (D:5)
  4 ogres
  3 centaurs (D:6)
  A bullfrog (D:7)
  A scorpion (D:5)
  A howler monkey (D:6)
  3 crimson imps
  A centaur zombie (D:5)
  A jelly (D:7)
  4 orc priests
  A gnoll shaman (D:4)
  An iguana (D:5)
  A worker ant (D:7)
  A hound zombie (D:5)
  A hound skeleton (D:5)
  8 adders
  4 gnolls (D:4)
  3 shadow imps
  An adder skeleton (D:4)
  3 worms
  3 dart slugs
  3 leopard geckos
  11 orcs
  5 giant cockroaches
  6 goblins
  8 hobgoblins
  3 jackals (D:6)
  2 quokkas
  2 ball pythons
  3 bats
  4 frilled lizards
  A goblin skeleton (D:4)
  A goblin zombie (D:4)
  2 hobgoblin zombies (D:4)
  5 kobolds
  2 kobold skeletons (D:4)
  A kobold zombie (D:4)
  2 orc skeletons (D:4)
  An orc zombie (D:4)
  A quokka zombie (D:3)
  4 rats
116 creatures vanquished.

Vanquished Creatures (others)
  238 foxfires
238 creatures vanquished.

Grand Total: 354 creatures vanquished

Notes
Turn   | Place    | Note
-------+----------+-------------------------------------------
     0 | D:1      | 15 the Tengu Fire Elementalist began the quest for the Orb.
     0 | D:1      | Reached XP level 1. HP: 10/10 MP: 4/4
     2 | D:1      | Noticed a minotaur
     2 | D:1      | Noticed a vampire
     4 | D:1      | Noticed a gargoyle
     4 | D:1      | Noticed a merfolk
     6 | D:1      | Noticed a dwarf
     6 | D:1      | Noticed a felid
     8 | D:1      | Noticed a demonspawn
    10 | D:1      | Noticed a vine stalker
    12 | D:1      | Noticed a centaur
    12 | D:1      | Noticed a troll
    14 | D:1      | Noticed a ghoul
    14 | D:1      | Noticed an ogre
    16 | D:1      | Noticed a formicid
    16 | D:1      | Noticed a halfling
    47 | D:1      | Noticed an octopode
    49 | D:1      | Noticed a tengu
    49 | D:1      | Noticed a human
    55 | D:1      | Noticed a naga
    58 | D:1      | Noticed an elf
    58 | D:1      | Noticed a demigod
    65 | D:1      | Noticed a draconian
    65 | D:1      | Noticed a spriggan
   365 | D:1      | Reached XP level 2. HP: 11/15 MP: 3/6
  1123 | D:2      | Reached XP level 3. HP: 19/19 MP: 4/7
  1143 | D:2      | Learned a level 3 spell: Conjure Flame
  2266 | D:3      | Reached XP level 4. HP: 24/24 MP: 4/8
  2271 | D:3      | Learned a level 3 spell: Inner Flame
  2332 | D:3      | Found a transporter.
  2337 | D:3      | Noticed jiml777's ghost (weakling GrFi)
  2641 | D:3      | Found a transporter.
  2937 | D:4      | Found a sparkling altar of Nemelex Xobeh.
  2938 | D:4      | Found an opulent altar of Gozag.
  3241 | D:4      | Gained mutation: You can fly continuously. [Tengu growth]
  3241 | D:4      | Reached XP level 5. HP: 10/28 MP: 2/10
  3469 | D:4      | Found a glowing golden altar of the Shining One.
  3631 | D:4      | Reached skill level 1 in Axes
  3633 | D:4      | Reached XP level 6. HP: 6/33 MP: 11/11
  3778 | D:4      | Found an iron altar of Okawaru.
  3895 | D:4      | Reached skill level 1 in Fighting
  4231 | D:5      | Entered Level 5 of the Dungeon
  4231 | D:5      | Found a transporter.
  4293 | D:5      | Reached XP level 7. HP: 38/38 MP: 3/13
  4304 | D:5      | Found a transporter.
  4311 | D:5      | Noticed Grinder
  4313 | D:5      | Noticed a kobold demonologist
  4329 | D:5      | Paralysed by Grinder for 3 turns
  4472 | D:5      | Found a staircase to the Ecumenical Temple.
  4486 | Temple   | Entered the Ecumenical Temple
  4549 | Temple   | Became a worshipper of Vehumet
  4768 | D:5      | Killed Grinder
  4768 | D:5      | Reached skill level 1 in Polearms
  5083 | D:5      | Reached XP level 8. HP: 44/44 MP: 7/15
  5089 | D:5      | Learned a level 4 spell: Sticky Flame
  5734 | D:6      | Reached skill level 5 in Fire Magic
  5734 | D:6      | Reached skill level 1 in Evocations
  5868 | D:6      | Found a shattered altar of Ashenzari.
  5905 | D:6      | Reached skill level 5 in Conjurations
  6147 | D:6      | Reached * piety under Vehumet
  6147 | D:6      | Offered knowledge of Freeze by Vehumet.
  6173 | D:6      | Learned a level 1 spell: Freeze
  6227 | D:6      | Found Votuonif's General Store.
  6238 | D:6      | Bought a potion of haste for 110 gold pieces
  6238 | D:6      | Bought a +0 dagger of electrocution for 77 gold pieces
  6250 | D:6      | Found Wutavvut's Weapon Shop.
  6306 | D:6      | Found Liukekim's Antique Armour Shop.
  6714 | D:7      | You are sucked into a shaft and drop 2 floors!
  6718 | D:9      | Reached XP level 9. HP: 49/49 MP: 12/17
  6725 | D:9      | Learned a level 5 spell: Fireball
  6743 | D:9      | Found a runed translucent door.
  6743 | D:9      | Noticed zbzbzb's ghost (novice OpTm)
  6906 | D:8      | Found a blossoming altar of Fedhas.
  6956 | D:8      | Slain by a wyvern

Levels and vault maps discovered:
D:1:      kb_arrival_jail, layout_loops_corners, kennysheep_minor_cross
D:2:      layout_loops_ring, first_ration, serial_bayou_crossing
D:3:      layout_basic, gammafunk_ghost_stat_death
D:4:      layout_cave_pods, grunt_temple_overflow_opulence,
          lemuel_coloured_pillars_altar, nicolae_tso_besieged_by_evil
D:5:      gammafunk_wand_slinger, layout_layer_cave,
          minmay_temple_entry_water_ring, minmay_misc_feat_rows, uniq_grinder
D:6:      layout_loops_corners, serial_shops, shop, kennysheep_little_box, shop,
          basic_altar
D:7:      layout_loops_cross, overflow_temple_1_default, serial_shops, shop,
          uniq_prince_ribbit1
D:8:      minmay_angry_zag, layout_basic, good_gods_temple_1,
          kennysheep_mini_moat, serial_shops, nicolae_shop_window_shopping
D:9:      layout_small_grid, dpeg_lair_monsters, david_orc_3,
          gammafunk_ghost_grave, uniq_joseph
Temple:   eino_temple_lava

Skill      XL: |  1  2  3  4  5  6  7  8 |
---------------+-------------------------+-----
Dodging        | 3 4 |  4.9
Conjurations   | 2 4 5 |  5.8
Spellcasting   | 3 4 |  4.8
Fire Magic     | 4 5 |  5.7
Axes           | 1 2 3 |  3.9
Stealth        | 3 4 |  4.2
Fighting       | 1 2 |  2.5
Polearms       | 1 2 |  2.3
Evocations     | 1 |  1.0
Short Blades   | |  0.8
Throwing       | |  0.2
Hexes          | |  0.3
Ice Magic      | |  0.9

Action                   |  1- 3 |  4- 6 |  7- 9 || total
-------------------------+-------+-------+-------++-------
Melee: Dagger            |    19 |    27 |    32 ||    78
       Kick              |     7 |    16 |    27 ||    50
       Peck              |     7 |     8 |    13 ||    28
       Battleaxe         |    15 |    34 |    12 ||    61
       Spear             |       |     5 |    52 ||    57
Throw: Dart              |     4 |       |       ||     4
       Stone             |     1 |       |       ||     1
 Cast: Foxfire           |    45 |    72 |    55 ||   172
       Conjure Flame     |     1 |     1 |     5 ||     7
       Inner Flame       |       |     2 |       ||     2
       Freeze            |       |       |     5 ||     5
       Sticky Flame      |       |       |     2 ||     2
 Abil: Fly               |       |       |     1 ||     1
Evoke: Wand              |       |       |     1 ||     1
  Use: Scroll            |     6 |     3 |     4 ||    13
       Potion            |       |     4 |     4 ||     8
 Stab: Sleeping          |     4 |     5 |     2 ||    11
       Confused          |       |       |     1 ||     1
  Eat: Chunk             |     4 |     8 |     4 ||    16
       Ration            |       |       |     2 ||     2
Armor: Robe              |     3 |    11 |    14 ||    28
Dodge: Dodged            |    19 |    58 |    65 ||   142
Block: Buckler           |     2 |       |       ||     2

Table legend:
 A = Non-vault XP
 B = Vault XP
 C = Vault XP percentage of total XP
 D = Non-vault monster count
 E = Vault monster count
 F = Vault count percentage of total count
                 A         B        C        D         E       F
            +---------+---------+-------+---------+---------+-------
      Total |    2119 |     346 |  14.0 |     104 |      12 |  10.3
            +---------+---------+-------+---------+---------+-------
        D:1 |      31 |       0 |   0.0 |      18 |       0 |   0.0
        D:2 |      37 |       0 |   0.0 |      13 |       0 |   0.0
        D:3 |      66 |       0 |   0.0 |      18 |       0 |   0.0
        D:4 |     237 |      60 |  20.2 |      19 |      11 |  36.7
        D:5 |     719 |     286 |  28.5 |      16 |       1 |   5.9
        D:6 |     555 |       0 |   0.0 |      13 |       0 |   0.0
        D:7 |     340 |       0 |   0.0 |       5 |       0 |   0.0
        D:8 |      13 |       0 |   0.0 |       1 |       0 |   0.0
        D:9 |     121 |       0 |   0.0 |       1 |       0 |   0.0
            +---------+---------+-------+---------+---------+-------
